 Dungeon Crawl Stone Soup version 0.19-a0-19-gf75ed07 (webtiles) character file.

121 Mefis the Magician (level 4, -1/24 HPs)
             Began as a Deep Elf Wizard on Apr 30, 2016.
             Slain by Terence
             ... wielding a +0 trident
              (7 damage)
             ... on level 3 of the Dungeon.
             The game lasted 00:07:37 (2969 turns).

Mefis the Magician (Deep Elf Wizard)                Turns: 2969, Time: 00:07:38

Health: -1/24      AC:  3    Str:  4    XL:     4   Next: 76%
Magic:  14/14      EV:  8    Int: 24    God:
Gold:   108        SH:  0    Dex: 13    Spells: 7 memorised, 0 levels left

rFire  + . .     SeeInvis .     j - +0 dagger (venom)
rCold  x . .     Gourm    .     a - +0 robe
rNeg   . . .     Faith    .     (no shield)
rPois  .         Spirit   .     b - +0 hat
rElec  .         Dismiss  .     l - +0 cloak
rCorr  .         Reflect  .     (no gloves)
SustAt .         Harm     .     (no boots)
MR     .....                    (no amulet)
Stlth  ++........               m - ring of wizardry
                                f - ring of fire

@: lethally poisoned (-1 -> -8), not resistant to hostile enchantments,
unstealthy
A: no striking features
a: no special abilities


You were on level 3 of the Dungeon.
You were very hungry.

You visited 1 branch of the dungeon, and saw 3 of its levels.

You collected 108 gold pieces.

Inventory:

Hand Weapons
 j - a +0 dagger of venom (weapon)
Missiles
 e - 6 javelins (quivered)
 n - 9 poisoned needles
Armour
 a - a +0 robe (worn)
 b - a +0 hat (worn)
 l - a +0 cloak (worn)
Jewellery
 f - a ring of fire (left hand)
 m - a ring of wizardry (right hand)
 p - an uncursed ring of flight
Scrolls
 h - 3 scrolls of identify {unknown}
 q - 2 scrolls of enchant armour {unknown}
 r - a scroll of noise {unknown}
Potions
 g - a potion of invisibility {unknown}
 i - a potion of haste {unknown}
 k - 2 potions of berserk rage {unknown}
 o - 5 potions of curing {unknown}
 u - 2 potions of resistance {unknown}
Books
 c - a book of Minor Magic

   Spells                             Type                      Level
   a - Magic Dart                     Conjuration                  1
   b - Blink                          Translocation                2
   c - Call Imp                       Summoning                    2
   d - Repel Missiles                 Charms/Air                   2
   e - Slow                           Hexes                        2
   f - Conjure Flame                  Conjuration/Fire             3
   g - Mephitic Cloud                 Conjuration/Poison/Air       3
Comestibles
 d - 2 bread rations
 t - a meat ration


   Skills:
 + Level 2.8 Dodging
 + Level 2.8 Stealth
 + Level 6.0 Spellcasting
 + Level 1.4 Conjurations
 + Level 1.7 Charms
 + Level 1.1 Summonings
 + Level 1.5 Translocations
 + Level 1.0 Fire Magic
 + Level 1.4 Poison Magic


You couldn't memorise any spells.
You knew the following spells:

 Your Spells              Type           Power        Failure   Level  Hunger
a - Magic Dart            Conj           ##..         2%          1    None
b - Call Imp              Summ           ##......     4%          2    None
c - Blink                 Tloc           N/A          3%          2    None
d - Repel Missiles        Chrm/Air       ##....       4%          2    None
e - Mephitic Cloud        Conj/Pois/Air  ##......     9%          3    #......
f - Conjure Flame         Conj/Fire      ###.....     7%          3    #......
g - Slow                  Hex            #.......     4%          2    None


Dungeon Overview and Level Annotations

Branches:
Dungeon (3/15)

Altars:

Annotations:
D:3 Natasha, Terence


Message History

Where to? (Enter - D:3, ? - help)
You climb downwards.
Level annotation: Natasha, Terence Natasha hisses angrily.
Terence hits you but does no damage.
The kobold shoots a poisoned needle.
The poisoned needle barely misses you. Terence hits you with a trident.
The goblin shoots a stone.
The stone hits you.
Natasha stares at you and mumbles some strange words.
The magic dart hits you!
Ouch! That really hurt!
* * * LOW HITPOINT WARNING * * *
There is a stone staircase leading up here.
Things that are here:
a stone; a poisoned needle The kobold shoots a poisoned needle.
The poisoned needle hits you!
You are lethally poisoned!
Natasha howls an incantation.
Natasha shimmers violently.
Terence hits you with a trident!
You die...

. ......
.##>.....
..#......
#†#......
#........
#####.(......
#.)...(......
#?.@@......
#............
###.....h....
##.........
....!.....
.K.g.......
...........
...l........


You could see Terence, Natasha, a giant gecko (wandering), a goblin and a
kobold.

Vanquished Creatures
  5 adders
  2 worms (D:2)
  A dart slug (D:1)
  A giant gecko (D:2)
  7 giant cockroaches
  2 goblins (D:1)
  11 hobgoblins
  10 jackals
  7 kobolds
  A ball python (D:1)
  7 bats
  4 giant newts
  6 rats
64 creatures vanquished.

Notes
Turn   | Place    | Note
--------------------------------------------------------------
     0 | D:1      | Mefis the Deep Elf Wizard began the quest for the Orb.
     0 | D:1      | Reached XP level 1. HP: 10/10 MP: 7/7
   203 | D:1      | Reached skill level 5 in Spellcasting
   247 | D:1      | Reached XP level 2. HP: 15/15 MP: 6/10
   251 | D:1      | Learned a level 2 spell: Call Imp
   254 | D:1      | Learned a level 2 spell: Blink
   257 | D:1      | Learned a level 2 spell: Repel Missiles
   498 | D:1      | Reached XP level 3. HP: 19/19 MP: 1/12
   503 | D:1      | Learned a level 3 spell: Mephitic Cloud
   625 | D:1      | Learned a level 3 spell: Conjure Flame
  1564 | D:2      | Reached skill level 1 in Poison Magic
  1604 | D:2      | Reached XP level 4. HP: 24/24 MP: 8/13
  1695 | D:2      | Reached skill level 1 in Charms
  1739 | D:2      | Reached skill level 6 in Spellcasting
  2617 | D:2      | Reached skill level 1 in Fire Magic
  2621 | D:2      | Learned a level 2 spell: Slow
  2838 | D:3      | Noticed Terence
  2840 | D:3      | Noticed Natasha
  2969 | D:3      | Slain by Terence

Vault maps used:
D:1:      zaba_arrival_water
D:2:      minivault_4
D:3:      nicolae_overflow_hidden_temple, uniq_terence, uniq_natasha

Skill      XL: |  1  2  3  4 |
---------------+-------------+-----
Spellcasting   | 5 6 |  6.0
Poison Magic   | 1 |  1.4
Charms         | 1 |  1.7
Fire Magic     | 1 |  1.0
Dodging        | |  2.8
Stealth        | |  2.8
Conjurations   | |  1.4
Summonings     | |  1.1
Translocations | |  1.5

Action                   |  1- 3 |  4- 6 || total
-------------------------+-------+-------++-------
Melee: Unarmed           |     2 |       ||     2
       Dagger            |       |     1 ||     1
 Cast: Magic Dart        |   105 |    78 ||   183
       Repel Missiles    |     1 |       ||     1
       Conjure Flame     |       |     1 ||     1
       Mephitic Cloud    |       |     1 ||     1
 Stab: Confused          |       |     1 ||     1
  Eat: Chunk             |     2 |     3 ||     5
Armor: Robe              |     4 |     6 ||    10
Dodge: Dodged            |    10 |    28 ||    38
       Deflected         |     1 |       ||     1
